 Dungeon Crawl Stone Soup version 0.29-a0-721-g7f417c9bbb (webtiles) character file.

Game seed: 6196126306912874054

511 avis the Skirmisher (level 7, 44/44 HPs)
             Began as a Kobold Hunter on June 27, 2022.
             Got out of the dungeon alive.
             The game lasted 00:14:32 (4616 turns).

avis the Skirmisher (Kobold Hunter)                 Turns: 4616, Time: 00:14:32

Health: 44/44      AC: 10    Str:  8    XL:     7   Next: 43%
Magic:  7/7        EV: 15    Int: 11    God:
Gold:   211        SH:  0    Dex: 20    Spells: 6/6 levels left

rFire   . . .      SeeInvis .   a - +0 shortbow
rCold   . . .      Faith    .   (shield currently unavailable)
rNeg    . . .      Spirit   .   u - +3 robe of the Turtle {Will+}
rPois   .          Reflect  .   p - +0 helmet
rElec   .          Harm     .   g - +2 cloak
rCorr   .          Rampage  .   (no gloves)
Will    +....                   f - +0 pair of boots
Stlth   +++.......              (no amulet)
HPRegen 0.14/turn               (no ring)
MPRegen 0.10/turn               (no ring)

@: no status effects
A: small, no large weapons, nightstalker 3
a: no special abilities


You escaped.
You visited 1 branch of the dungeon, and saw 4 of its levels.
You also visited: Sewer.

You collected 211 gold pieces.

Inventory:

Hand Weapons
 a - a +0 shortbow (weapon)
 b - a +2 dagger of electrocution
 j - a +0 shortbow
 x - a +2 short sword of draining
Missiles
 y - 2 curare-tipped darts
 z - 8 poisoned darts
Armour
 c - a +0 leather armour
 f - a +0 pair of boots (worn)
 g - a +2 cloak (worn)
 p - a +0 helmet (worn)
 u - the +3 robe of the Turtle (worn) {Will+}
   (You found it on level 3 of the Dungeon)

   Will:      It increases your willpower.
Wands
 m - a wand of iceblast (8)
 v - a wand of polymorph (10)
Scrolls
 d - 3 scrolls of identify {unknown}
 e - 3 scrolls of teleportation {unknown}
 k - a scroll of magic mapping {unknown}
 l - 2 scrolls of noise {unknown}
 o - a scroll of blinking {unknown}
 q - a scroll of vulnerability {unknown}
 r - a scroll of amnesia {unknown}
 t - a scroll of fog {unknown}
 w - 2 scrolls of immolation
Potions
 h - 2 potions of curing
 i - 2 potions of attraction {unknown}
 n - a potion of ambrosia {unknown}
 s - 3 potions of flight
 A - a potion of heal wounds


   Skills:
 + Level 5.0 Fighting
 * Level 9.5 Ranged Weapons
 - Level 2.4 Dodging
 - Level 1.3 Stealth


You had 6 spell levels left.
You didn't know any spells.
Your spell library contained the following spells:

 Spells                   Type           Power      Damage    Failure   Level
 Conjure Flame            Conj/Fire      0%         6-21      71%         3
 Ignite Poison            Fire/Tmut/Pois 0%         N/A       71%         3
 Sticky Flame             Conj/Fire      0%         2d3       98%         4
 Alistair's Intoxication  Tmut/Pois      0%         N/A       100%        5
 Borgnjor's Vile Clutch   Necr/Erth      0%         N/A       100%        5
 Summon Forest            Summ/Tloc      0%         N/A       100%        5
 Summon Mana Viper        Hex/Summ       0%         N/A       100%        5
 Eringya's Noxious Bog    Tmut/Pois      0%         N/A       100%        6
 Summon Cactus Giant      Summ           0%         N/A       100%        6


Dungeon Overview and Level Annotations

Branches:
Dungeon (4/15)              Sewer (visited)
 Temple: D:4-7

Altars:

Annotations:
D:3 2 transporters


Innate Abilities, Weirdness & Mutations

You are small and have problems with some larger weapons.
You are completely attuned to the shadows.


Message History

There is a stone staircase leading down here.
A ball python comes into view.
Fire: a) +0 shortbow
Press: ? - help, Q - select action, (/) - cycle Shift-Dir - straight line, f - ball python
Aim: a ball python (wandering, hasn't noticed you, 65% to hit)
You shoot an arrow.
The arrow barely misses the ball python.
The ball python hisses angrily.
Fire: a) +0 shortbow
Press: ? - help, Q - select action, (/) - cycle Shift-Dir - straight line, f/p - ball python
Aim: a ball python (65% to hit)
You shoot an arrow.
The arrow completely misses the ball python.
Fire: a) +0 shortbow
Press: ? - help, Q - select action, (/) - cycle Shift-Dir - straight line, f/p - ball python
Aim: a ball python (65% to hit)
You shoot an arrow. The arrow hits the ball python.
You kill the ball python!
(D) Dungeon
Where to? (Enter - D:1, ? - help)
What level of the Dungeon? (default 1, ? - help)
You see here a ball python corpse.
There is a stone staircase leading up here.
You climb upwards.
There is a stone staircase leading down here.
There is an open door here.
The elf shouts!
The draconian roars!
The naga shouts!
The formicid shouts!
The octopode shouts!
The troll shouts!
The kobold shouts!
The demonspawn shouts!
The tengu shouts!
The merfolk shouts!
The vine stalker shouts!
There is an open door here.
There is a staircase leading out of the dungeon here.
Are you sure you want to leave the Dungeon?
This will make you lose the game!
You have escaped!

##### #.@.#
#...# ###'###
#f#.#m#
###.###
#Q#.#i#
##########.###
#......#.#.#H#
#####
#.####.###.###


There were no monsters in sight!

Vanquished Creatures
  An ogre (D:4)
  2 kobold brigands (Sewer)
  A scorpion (D:4)
  Ijyb (D:2)
  Natasha (thrice) (D:3)
  2 river rats (Sewer)
  3 adders
  3 worms
  A dart slug (D:2)
  3 ball pythons
  7 endoplasms
  2 giant cockroaches
  13 goblins
  6 hobgoblins
  2 jackals (Sewer)
  8 kobolds
  4 quokkas
  3 bats
  3 frilled lizards (D:1)
  8 rats
76 creatures vanquished.

Notes
Turn   | Place    | Note
-------+----------+-------------------------------------------
     0 | D:1      | avis the Kobold Hunter began the quest for the Orb.
     0 | D:1      | Reached XP level 1. HP: 12/12 MP: 1/1
     4 | D:1      | Noticed a vine stalker
     4 | D:1      | Noticed a merfolk
     6 | D:1      | Noticed a tengu
     6 | D:1      | Noticed a spriggan
     8 | D:1      | Noticed a minotaur
    10 | D:1      | Noticed a vampire
    12 | D:1      | Noticed a demonspawn
    14 | D:1      | Noticed a demigod
    14 | D:1      | Noticed a troll
    16 | D:1      | Noticed a gargoyle
    18 | D:1      | Noticed an octopode
    18 | D:1      | Noticed a formicid
    20 | D:1      | Noticed a draconian
    20 | D:1      | Noticed a naga
    22 | D:1      | Noticed a ghoul
    24 | D:1      | Noticed an elf
    24 | D:1      | Noticed a human
    26 | D:1      | Noticed a felid
    26 | D:1      | Noticed a dwarf
    28 | D:1      | Noticed an ogre
   430 | D:1      | Reached XP level 2. HP: 18/18 MP: 2/2
   735 | D:1      | Reached skill level 6 in Ranged Weapons
   824 | D:1      | Reached XP level 3. HP: 22/22 MP: 3/3
  1331 | D:2      | Found a faded altar of an unknown god.
  1453 | D:2      | Noticed Ijyb
  1465 | D:2      | Killed Ijyb
  1466 | D:2      | Reached XP level 4. HP: 25/28 MP: 4/4
  1936 | D:2      | Reached skill level 7 in Ranged Weapons
  2466 | D:3      | Found a transporter.
  2612 | D:3      | Noticed Natasha
  2619 | D:3      | Killed Natasha
  2620 | D:3      | Reached XP level 5. HP: 29/32 MP: 5/5
  2795 | D:3      | Noticed Natasha
  2800 | D:3      | Killed Natasha
  3105 | D:3      | Found a transporter.
  3165 | D:3      | Identified the +3 robe of the Turtle {Will+}
  3441 | D:3      | Noticed Natasha
  3448 | D:3      | Killed Natasha
  3852 | D:4      | Reached skill level 8 in Ranged Weapons
  3852 | D:4      | Reached XP level 6. HP: 38/38 MP: 6/6
  3859 | D:4      | Noticed an ogre
  3939 | D:4      | Found a glowing drain.
  3955 | Sewer    | Entered a sewer
  4031 | Sewer    | Reached skill level 9 in Ranged Weapons
  4031 | Sewer    | Reached XP level 7. HP: 28/44 MP: 7/7
  4164 | Sewer    | Found a white marble altar of Elyvilon.
  4407 | D:4      | Reached skill level 5 in Fighting
  4616 | D:$      | Got out of the dungeon alive.

Illustrated notes

Levels and vault maps discovered:
D:1:      kb_arrival_jail, layout_basic
D:2:      kennysheep_the_goblin_king, layout_basic,
          hellmonk_ecumenical_altar_lost_god, dk_noncrumbling_2
D:3:      gammafunk_steamed_eel, layout_basic, uniq_natasha
D:4:      layout_gridville, temple_pool_b, cheibrodos_sewer_entry_bend

Skill      XL: |  1  2  3  4  5  6  7 |
---------------+----------------------+-----
Ranged Weapons | 6 7 8 9 |  9.5
Fighting       | 3 4 5 |  5.0
Dodging        | |  2.4
Stealth        | |  1.3

Action                   |  1- 3 |  4- 6 |  7- 9 || total
-------------------------+-------+-------+-------++-------
 Fire: Shortbow          |    83 |   125 |    22 ||   230
Armor: Leather armour    |     8 |     6 |       ||    14
       Robe              |       |    13 |     1 ||    14
Dodge: Dodged            |    24 |    43 |     7 ||    74

Table legend: (Time is in decaauts)
 A = Elapsed time spent in this place.
 B = Non-inter-level travel time spent in this place.
 C = Inter-level travel time spent in this place.
 D = Time resting spent in this place.
 E = Time spent auto-exploring this place.
 F = Levels seen in this place.
 G = Mean time per level.
                   A        B        C        D        E       F      G
               +--------+--------+--------+--------+--------+-----+--------+
         Total |   4690 |   3969 |    721 |    430 |   2895 |   5 |  938.0 |
       Dungeon |   4404 |   3683 |    721 |    316 |   2841 |   4 | 1101.0 |
         Sewer |    285 |    285 |      0 |    114 |     53 |   1 |  285.0 |
               +--------+--------+--------+--------+--------+-----+--------+

Top non-repeatable levels by time:
     D:2: 1301 daAuts
     D:3: 1284 daAuts
     D:1: 1210 daAuts
     D:4: 607 daAuts
   Sewer: 285 daAuts
